 Dungeon Crawl Stone Soup version 0.31-a0-145-g046c7d2549 (webtiles) character file.

Game seed: 16323223439079494866

65 uvd540 the Trooper (level 3, 0/33 HPs)
             Began as a Minotaur Berserker on June 6, 2023.
             Was a Priest of Trog.
             Slain by an orc wizard
             ... wielding a +0 dagger
              (1 damage)
             ... on level 2 of the Dungeon.
             The game lasted 00:04:15 (835 turns).

uvd540 the Trooper (Minotaur Berserker)              Turns: 835, Time: 00:04:15

Health: 0/33       AC:  6    Str: 23    XL:     3   Next: 94%
Magic:  2/2        EV: 10    Int:  4    God:    Trog [***...]
Gold:   59         SH:  0    Dex:  9    Spells: 2/2 levels left

rFire   . . .        a - +0 falchion
rCold   . . .        (no shield)
rNeg    . . .        d - +0 scale mail
rPois   .            (helmet restricted)
rElec   .            (no cloak)
rCorr   .            (no gloves)
SInv    .            (no boots)
Will    .....        e - amulet of faith Stlth
                     (no ring)
HPRegen 0.25/turn    (no ring)
MPRegen 0.08/turn

%: faith
@: confused
A: horns 2, retaliatory headbutt
a: Renounce Religion, Berserk, Trog's Hand


You were on level 2 of the Dungeon.
You worshipped Trog.
Trog was most pleased with you.
You visited 1 branch of the dungeon, and saw 2 of its levels.

You collected 59 gold pieces.

Inventory:

Hand Weapons
 a - a +0 falchion (weapon)
Armour
 d - a +0 scale mail (worn)
Jewellery
 e - an amulet of faith (around neck)
Scrolls
 b - a scroll of brand weapon {unknown}
 g - a scroll of magic mapping {unknown}
 h - a scroll of vulnerability {unknown}
Potions
 c - a potion of magic {unknown}
 f - a potion of resistance {unknown}


   Skills:
 + Level 4.3 Fighting
 + Level 4.3 Long Blades
 + Level 3.2 Armour
 + Level 3.0 Dodging


You had 2 spell levels left.
You didn't know any spells.
Your spell library was empty.

Dungeon Overview and Level Annotations

Branches:
Dungeon (2/15)

Altars:


Innate Abilities, Weirdness & Mutations

You have a pair of horns on your head.
You reflexively headbutt those who attack you in melee.


Message History

The kobold throws a stone.
The stone closely misses you.
You completely miss the orc. The orc hits you with a +0 whip.
You hit the orc. You headbutt the orc.
You kill the orc!
Trog accepts your kill.
You barely miss the kobold. You headbutt the kobold.
You kill the kobold!
Trog accepts your kill.
You closely miss the orc. You headbutt the orc.
The orc is moderately wounded.
You barely miss something. You barely miss something.
Something hits you but does no damage.
You barely miss something.
You hear some strange, mumbled words.
A puff of flame appears from out of thin air!
The puff of flame hits you!
You miss something. Your headbutt misses something. Something hits you.
You completely miss something. Something hits you.
You closely miss something. Something hits you.
You barely miss something. Something hits you but does no damage.
You miss something. Something hits you but does no damage.
You hear some strange, mumbled words.
A puff of flame appears from out of thin air!
The puff of flame hits you!
* * * LOW HITPOINT WARNING * * *
You hit something but do no damage. Something hits you.
* * * LOW HITPOINT WARNING * * *
Something hits you but does no damage. Something hits you but does no damage.
You hear some strange, mumbled words.
You are confused.
You bump into the rock wall.
A magic dart appears from out of thin air!
The magic dart hits you.
* * * LOW HITPOINT WARNING * * *
Something hits you.
* * * LOW HITPOINT WARNING * * *
Something hits you but does no damage.
You're too confused to move!
Something hits you.
You die...

... ... .... .....
.....# ..$...#
.......###########
#.)ooo{@....#
###########.#
##...# #####..###
##.....## #..#####
### #. ##.##
#.#####.. #..#
#......... #.##
#######.........#


You could see 3 orcs.

Vanquished Creatures
  3 dart slugs
  An orc (D:2)
  5 ball pythons
  4 bats
  4 endoplasms
  3 goblins
  4 hobgoblins
  4 jackals
  5 quokkas
  4 frilled lizards
  10 kobolds
  4 rats
51 creatures vanquished.

Notes
Turn   | Place    | Note
-------+----------+-------------------------------------------
     0 | D:1      | uvd540 the Minotaur Berserker began the quest for the Orb.
     0 | D:1      | Reached XP level 1. HP: 19/19 MP: 0/0
   132 | D:1      | Reached XP level 2. HP: 26/27 MP: 1/1
   260 | D:1      | Reached XP level 3. HP: 28/33 MP: 2/2
   273 | D:1      | Reached ** piety under Trog
   816 | D:2      | Reached *** piety under Trog
   833 | D:2      | HP: 1/33 [something (2)]
   835 | D:2      | Slain by an orc wizard

Illustrated notes

Levels and vault maps discovered:
D:1:      minmay_arrival_widening_spiral_wide, layout_rooms, st_stairs_11
D:2:      layout_rooms, kennysheep_nub

Skill      XL: |  1  2  3 |
---------------+----------+-----
Fighting       | 4 |  4.3
Long Blades    | 4 |  4.3
Armour         | 3 |  3.2
Dodging        | 3 |  3.0

Action                     || total
---------------------------++-------
  Melee: Falchion          ||   147
         Headbutt          ||    12
         Punch             ||     1
 Armour: Scale mail        ||    79
  Dodge: Dodged            ||    91

Table legend: (Time is in decaauts)
 A = Elapsed time spent in this place.
 B = Non-inter-level travel time spent in this place.
 C = Inter-level travel time spent in this place.
 D = Time resting spent in this place.
 E = Time spent auto-exploring this place.
 F = Levels seen in this place.
 G = Mean time per level.
                   A        B        C        D        E       F      G
               +--------+--------+--------+--------+--------+-----+--------+
         Total |    848 |    832 |     16 |      0 |    415 |   2 |  424.0 |
       Dungeon |    848 |    832 |     16 |      0 |    415 |   2 |  424.0 |
               +--------+--------+--------+--------+--------+-----+--------+

Top non-repeatable levels by time:
     D:1: 612 daAuts
     D:2: 236 daAuts
